 Dungeon Crawl Stone Soup version 0.24.1-11-gbbbb2193e6 (webtiles) character file.

Game seed: 269123987980780853, levelgen mode: deterministic

21 Peloso the Skirmisher (level 2, -2/24 HPs)
             Began as a Demonspawn Fighter on May 12, 2020.
             Slain by a gnoll (6 damage)
             ... on level 1 of the Dungeon.
             The game lasted 00:02:03 (1235 turns).

Peloso the Skirmisher (Demonspawn Fighter)          Turns: 1235, Time: 00:02:04

Health: -2/24      AC:  7    Str: 13 (16) XL:     2   Next: 65%
Magic:  2/2        EV:  6    Int:  7 (9)  God:
Gold:   23         SH:  8    Dex: 11 (14) Spells: 1/1 levels left

rFire    . . .     SeeInvis .   a - +0 long sword
rCold    . . .     Gourm    .   c - +0 shield
rNeg     . . .     Faith    .   b - +0 scale mail
rPois    .         Spirit   .   (no helmet)
rElec    .         Reflect  .   g - +0 cloak (curse)
rCorr    .         Harm     .   (no gloves)
MR       .....                  (no boots)
Stlth    ..........             (no amulet)
HPRegen  0.08/turn              e - ring of wizardry
MPRegen  0.08/turn              (no ring)

@: no status effects
A: thin skeletal structure 1
a: no special abilities


You were on level 1 of the Dungeon.
You were very hungry.

You visited 1 branch of the dungeon, and saw 2 of its levels.

You collected 23 gold pieces.

Inventory:

Hand Weapons
 a - a +0 long sword (weapon)
Armour
 b - a +0 scale mail (worn)
 c - a +0 shield (worn)
 g - a cursed +0 cloak (worn)
Jewellery
 e - a ring of wizardry (left hand)
Scrolls
 h - a scroll of enchant armour {unknown}
 i - a scroll of immolation {unknown}
 j - a scroll of amnesia {unknown}
 k - a scroll of remove curse
Potions
 d - a potion of might
Comestibles
 f - 4 rations


   Skills:
 + Level 3.2 Fighting
 + Level 2.0 Long Blades
 + Level 2.8 Armour
 + Level 0.4 Dodging
 + Level 3.0 Shields


You had one spell level left.
You didn't know any spells.
Your spell library was empty.

Dungeon Overview and Level Annotations

Branches:
Dungeon (2/15)

Altars:


Innate Abilities, Weirdness & Mutations

You have a somewhat thin skeletal structure. (Dex +2, Stealth)


Message History

The gnoll hits you from afar with a +0 halberd.
You hit the gnoll.
The gnoll is lightly wounded.
The gnoll hits you.
* * * LOW HITPOINT WARNING * * *
The gnoll hits you but does no damage.
You are feeling very hungry.
There is an open door here.
There is a stone staircase leading up here.
The gnoll hits you.
* * * LOW HITPOINT WARNING * * *
You climb upwards.
There is a stone staircase leading down here.
You hit the gnoll.
The gnoll is moderately wounded.
You block the gnoll's attack.
You closely miss the gnoll.
The gnoll is moderately wounded.
The gnoll hits you.
You die...

..........###...## #.#
........#.# ##.## #.# ......###.#
#.# #.# ......# #.# #.# #.#
.....####.# ##+## #.#
..........###...## ##.##
...#########.....## #...###
#.##.## ##.......## #.....#
......####......@..####...#.#####
.........'......g..'.............
......####.........####...#.#####
#.##.## ##.......## ##.##.####
#.#### ##.....## #........# #.#
##...## #.###.##.# #.# ##'## #.#
#.##.# #.# #.# #.###.##.# #.#
##########.# #.##..##.#


You could see a gnoll.

Vanquished Creatures
  A dart slug (D:1)
  A ball python (D:1)
  3 bats (D:1)
  A giant cockroach (D:1)
  2 goblins (D:1)
  3 jackals (D:1)
  2 frilled lizards (D:1)
  2 kobolds (D:1)
  3 rats (D:1)
18 creatures vanquished.

Notes
Turn   | Place    | Note
-------+----------+-------------------------------------------
     0 | D:1      | Peloso the Demonspawn Fighter began the quest for the Orb.
     0 | D:1      | Reached XP level 1. HP: 18/18 MP: 1/1
   234 | D:1      | Gained mutation: You have a somewhat thin skeletal
                  | structure. (Dex +2, Stealth) [demonic ancestry]
   234 | D:1      | Reached XP level 2. HP: 10/24 MP: 2/2
  1235 | D:1      | Slain by a gnoll

Levels and vault maps discovered:
D:1:      dpeg_arrival_long_road, layout_loops_corners, minmay_misc_feat_square
D:2:      layout_rooms, dk_noncrumbling_2, grunt_decor_mini_mirrors

Skill      XL: |  1  2 |
---------------+-------+-----
Shields        | 3 |  3.0
Long Blades    | 2 |  2.0
Fighting       | |  3.2
Armour         | |  2.8
Dodging        | |  0.4

Action                   || total
-------------------------++-------
Melee: Long sword        ||    63
  Use: Potion            ||     3
       Scroll            ||     1
Armor: Scale mail        ||    36
Dodge: Dodged            ||    16
Block: Shield            ||    42
       Rpst.: Long sword ||     4
